 Dungeon Crawl Stone Soup version 0.26-a0-835-g8259106e14 (webtiles) character file.

Game seed: 10486666884572055914

91 mattiecakes the Shield-Bearer (level 4, -2/43 HPs)
             Began as a Gargoyle Fighter on Nov 17, 2020.
             Killed from afar by Sigmund (7 damage)
             ... with a magic dart
             ... on level 3 of the Dungeon.
             The game lasted 00:02:41 (1574 turns).

mattiecakes the Shield-Bearer (Gargoyle Fighter)    Turns: 1574, Time: 00:02:41

Health: -2/43      AC: 22    Str: 20    XL:     4   Next: 57%
Magic:  4/4        EV:  2    Int:  9    God:
Gold:   152        SH:  9    Dex:  9    Spells: 3/3 levels left

rFire    . . .     SeeInvis .   a - +0 war axe
rCold    + . .     Faith    .   c - +0 kite shield
rNeg     + + +     Spirit   .   (armour currently unavailable)
rPois    ∞         Reflect  .   (helmet currently unavailable)
rElec    .         Harm     .   (cloak currently unavailable)
rCorr    .         Rampage  .   (gloves currently unavailable)
MR       .....     NoTele   +   (boots currently unavailable)
Stlth    +.........             (no amulet)
HPRegen  0.14/turn              (no ring)
MPRegen  0.09/turn              m - ring of protection from cold

@: mighty, brilliant, tree-form, attractive, hasted, very quick
A: negative energy resistance 1, petrification resistance, rot immunity, AC +3
a: no special abilities


You were on level 3 of the Dungeon.
You were a tree.
You visited 1 branch of the dungeon, and saw 3 of its levels.

You collected 152 gold pieces.

Inventory:

Hand Weapons
 a - a +0 war axe (weapon)
Armour
 c - a +0 kite shield (worn)
 s - a +0 chain mail (melded)
Jewellery
 m - a ring of protection from cold (right branch)
Scrolls
 e - a scroll of teleportation
 f - 2 scrolls of remove curse
 i - 3 scrolls of identify {unknown}
 l - 2 scrolls of enchant weapon {unknown}
 q - a scroll of blinking {unknown}
Potions
 j - a potion of brilliance
 o - a potion of heal wounds {unknown}
 p - a potion of berserk rage {unknown}
 r - a potion of curing {unknown}


   Skills:
 + Level 4.0 Fighting
 + Level 2.5 Axes
 + Level 4.0 Armour
 + Level 4.0 Shields


You had 3 spell levels left.
You didn't know any spells.
Your spell library was empty.

Dungeon Overview and Level Annotations

Branches:
Dungeon (3/15)

Altars:
Fedhas

Annotations:
D:3 Sigmund


Innate Abilities, Weirdness & Mutations

You are resistant to torment.
((Your stone body is resilient. (AC +3)))
You are immune to poison.
You resist negative energy. (rN+)
((You are resistant to electric shocks. (rElec)))
((You can survive without breathing.))
You are immune to petrification.
You are immune to rotting.


Message History

Unknown command.
Unknown command.
Unknown command.
Unknown command.
Unknown command.
Unknown command.
Okay, then.
Unknown command.
The gnoll hits you but does no damage.
It was a potion of lignification.
You turn into a tree.
Your +0 chain mail melds into your body.
Your roots penetrate the ground.
You feel less confused. The gnoll hits you but does no damage.
It was a potion of attraction.
You feel attractive to monsters.
You hear some strange, mumbled words.
A magic dart appears from out of thin air!
The magic dart hits you!
You die...

.. .. .# ### .#
...######.####
.............#
.....#...♣♣♣♣♣♣♣
.....#g<........
......g♣.♣♣♣♣♣♣♣
.....#..{)...#
.... #.)..####
... #....#### ..
#.......# .
#.†..##.....
#..♣♣♣ .###
....♣ # ....!..


You could see 2 gnolls.

Vanquished Creatures
  3 gnolls
  An adder (D:2)
  2 dart slugs
  A worm (D:3)
  5 giant cockroaches
  3 hobgoblins
  3 jackals (D:2)
  9 kobolds
  A ball python (D:2)
  5 bats
  6 frilled lizards
  3 goblins
  7 rats
49 creatures vanquished.

Vanquished Creatures (others)
  3 plants (D:3)
3 creatures vanquished.

Grand Total: 52 creatures vanquished

Notes
Turn   | Place    | Note
-------+----------+-------------------------------------------
     0 | D:1      | mattiecakes the Gargoyle Fighter began the quest for the
                  | Orb.
     0 | D:1      | Reached XP level 1. HP: 14/14 MP: 1/1
    82 | D:1      | Reached XP level 2. HP: 16/19 MP: 2/2
   741 | D:1      | Reached XP level 3. HP: 20/24 MP: 3/3
  1038 | D:2      | Found a faded altar of an unknown god.
  1127 | D:2      | Reached XP level 4. HP: 25/29 MP: 4/4
  1192 | D:2      | Found a blossoming altar of Fedhas.
  1541 | D:3      | Noticed Sigmund
  1574 | D:3      | Killed from afar by Sigmund

Illustrated notes

Levels and vault maps discovered:
D:1:      dpeg_arrival_orchard, layout_basic,
          wander_ebering_terrifying_dragon_lair
D:2:      layout_basic, fedhas_altar_1, chequers_ecumenical_altar_simple,
          skrybe_limestone_x, minivault_19, st_stairs_2
D:3:      layout_rooms, nemelex_xobeh_ov_fountains_minmay,
          gup_sewer_entry_glass, serial_forest, infiniplex_forest_clump_long,
          infiniplex_forest_fountain, infiniplex_forest_straight_4,
          infiniplex_forest_straight_3, infiniplex_forest_lined_1,
          infiniplex_forest_straight_4, infiniplex_forest_lined_2,
          uniq_crazy_yiuf_cottage, uniq_sigmund, uniq_ijyb

Skill      XL: |  1  2  3  4 |
---------------+-------------+-----
Axes           | 2 |  2.5
Fighting       | 4 |  4.0
Shields        | 4 |  4.0
Armour         | 4 |  4.0

Action                   |  1- 3 |  4- 6 || total
-------------------------+-------+-------++-------
Melee: War axe           |   113 |    22 ||   135
  Use: Potion            |       |     5 ||     5
       Scroll            |       |     2 ||     2
Armor: Scale mail        |    75 |     3 ||    78
       Chain mail        |       |    23 ||    23
       Skin              |       |     1 ||     1
Dodge: Dodged            |    39 |     6 ||    45
Block: Kite shield       |    62 |    12 ||    74

Table legend: (Time is in decaauts)
 A = Elapsed time spent in this place.
 B = Non-inter-level travel time spent in this place.
 C = Inter-level travel time spent in this place.
 D = Time resting spent in this place.
 E = Time spent auto-exploring this place.
 F = Levels seen in this place.
 G = Mean time per level.
                   A        B        C        D        E       F      G
               +--------+--------+--------+--------+--------+-----+--------+
         Total |   1626 |   1601 |     25 |      0 |   1269 |   3 |  542.0 |
       Dungeon |   1626 |   1601 |     25 |      0 |   1269 |   3 |  542.0 |
               +--------+--------+--------+--------+--------+-----+--------+

Top non-repeatable levels by time:
     D:1: 911 daAuts
     D:2: 667 daAuts
     D:3: 47 daAuts
